 Dungeon Crawl Stone Soup version 0.32-a0-306-gfed3edf829 (webtiles) character file.

Game seed: 4283723050550122730

45 lunkers the Firebug (level 3, -7/31 HPs)
             Began as an Oni Fire Elementalist on Feb 14, 2024.
             Mangled by a gnoll
             ... wielding a +0 spear
              (8 damage)
             ... on level 2 of the Dungeon.
             The game lasted 00:02:38 (1725 turns).

lunkers the Firebug (Oni Fire Elementalist)         Turns: 1725, Time: 00:02:38

Health: -7/31      AC:  3    Str: 12    XL:     3   Next: 64%
Magic:  3/7        EV:  9    Int: 18    God:
Gold:   70         SH:  0    Dex:  9    Spells: 5/8 levels left

rFire   . . .        (no weapon)
rCold   . . .        (no shield)
rNeg    . . .        a - +0 robe
rPois   .            (helmet restricted)
rElec   .            (no cloak)
rCorr   .            (gloves unavailable)
SInv    .            (boots unavailable)
Will    .....        (no amulet)
Stlth   +            (no ring)
HPRegen 0.25/turn    (no ring)
MPRegen 0.10/turn

%: no passive effects
@: very slightly contaminated
A: large, unfitting armour, horns 1, tough skin 1, double potion healing,
drunken brawling
a: no special abilities


You were on level 2 of the Dungeon.
You visited 1 branch of the dungeon, and saw 2 of its levels.

You collected 70 gold pieces.

Inventory:

Armour
 a - a +0 robe (worn)
Scrolls
 c - a scroll of fear
 d - a scroll of blinking {unknown}
 e - a scroll of brand weapon {unknown}
 f - a scroll of identify
Potions
 b - a potion of magic


   Skills:
 - Level 1.7 Dodging
 - Level 1.4 Stealth
 + Level 3.2 Spellcasting
 - Level 0.8 Conjurations
 * Level 3.7 Fire Magic


You had 5 spell levels left.
You knew the following spells:

 Your Spells              Type           Power      Damage    Failure   Level
a - Foxfire               Conj/Fire      44%        2x1d6     6%          1
b - Scorch                Fire           32%        2d6       5%          2

Your spell library contained the following spells:

 Spells                   Type           Power      Damage    Failure   Level
 Shock                    Conj/Air       16%        1d4       14%         1
 Inner Flame              Hex/Fire       9%         N/A       22%         3
 Volatile Blastmotes      Fire/Tloc      18%        2d11      22%         3
 Swiftness                Air            2%         N/A       43%         3
 Flame Wave               Conj/Fire      11%        2d6       52%         4
 Airstrike                Air            1%         2d(1-17)  85%         4


Dungeon Overview and Level Annotations

Branches:
Dungeon (2/15)

Altars:

Shops:
D:1 !

Annotations:
D:2 Natasha


Innate Abilities, Weirdness & Mutations

You are too large for most types of armour.
You have a pair of small horns on your head.
You have tough skin. (AC +1)
You gain doubled healing and magic from potions.
Whenever you drink a healing potion, you attack all around you.


Message History

The gnoll shouts! x2; You hear a shout!
A gnoll comes into view. It is wielding a +0 spear.
Natasha casts a spell.
Casting: Scorch (safe; 5% risk of failure)
Confirm with . or Enter, or press ? or * to list all spells.
You miscast Scorch.
You are very lightly contaminated with residual magic.
Nothing appears to happen.
The gnoll throws a throwing net.
The throwing net hits you.
You become entangled in the net!
The gnoll hits you from afar with a +0 spear.
You struggle against the net.
The cerulean imp hits you but does no damage.
Natasha howls an incantation.
You feel disoriented.
The gnoll hits you from afar with a +0 spear.
You struggle against the net.
The gnoll is no longer more vulnerable to fire.
Natasha claws you!
* * * LOW HITPOINT WARNING * * *
The cerulean imp hits you from afar with a +0 spear.
* * * LOW HITPOINT WARNING * * *
A hobgoblin comes into view.
The gnoll hits you from afar with a +0 spear.
* * * LOW HITPOINT WARNING * * *
You rip the net and break free!
Natasha barely misses you. The cerulean imp barely misses you.
The gnoll hits you from afar with a +0 halberd.
* * * LOW HITPOINT WARNING * * *
The gnoll hits you but does no damage.
The gnoll hits you from afar with a +0 spear.
* * * LOW HITPOINT WARNING * * *
As you read the scroll labelled ULOBLO ZENESM, it crumbles to dust.
It is a scroll of identify.
c - a scroll of fear Natasha claws you but does no damage.
The cerulean imp hits you from afar with a +0 spear.
* * * LOW HITPOINT WARNING * * *
The gnoll closely misses you. x2
The gnoll hits you from afar with a +0 spear!
You die...

#...###.....##.#.#
#........#'##..#.####
#........#.#..##.##..
#........#>..........
#........#.### #.#...
#........#.# #..#
#........... #<.#
##+#.....### ###.#
#@.[..# #...#
#.g!.hg...# #....
#..gg5....# #####
#.........#
#...........
#.)..g....### ##
#.....(...# #.
#.........####### #.
#.....# #.


You could see Natasha, 4 gnolls, a cerulean imp (summoned) and a hobgoblin.

Vanquished Creatures
  A ribbon worm (D:2)
  A dart slug (D:1)
  A ball python (D:1)
  An endoplasm (D:2)
  2 giant cockroaches (D:1)
  2 goblins
  A hobgoblin (D:1)
  4 kobolds
  2 quokkas (D:1)
  6 bats
  A rat (D:2)
22 creatures vanquished.

Vanquished Creatures (others)
  23 foxfires (D:1)
23 creatures vanquished.

Grand Total: 45 creatures vanquished

Notes
Turn   | Place    | Note
-------+----------+-------------------------------------------
     0 | D:1      | lunkers the Oni Fire Elementalist began the quest for the
                  | Orb.
     0 | D:1      | Reached XP level 1. HP: 16/16 MP: 3/3
   123 | D:1      | Reached XP level 2. HP: 24/24 MP: 2/5
   224 | D:1      | Found Weughol's Distillery.
   695 | D:1      | Reached XP level 3. HP: 31/31 MP: 4/7
   698 | D:1      | Learned a level 2 spell: Scorch
  1717 | D:2      | Noticed Natasha
  1725 | D:2      | HP: 1/31 [cerulean imp/+0 spear[Natasha] (4)]
  1725 | D:2      | Mangled by a gnoll

Illustrated notes

Levels and vault maps discovered:
D:1:      enne_arrival_octagon_isle, layout_loops_ring, serial_shops,
          nicolae_shop_industrial_runoff, nicolae_concentric_dashed_squares_mild
D:2:      layout_basic, uniq_natasha

Skill      XL: |  1  2 |
---------------+-------+-----
Fire Magic     | 3 |  3.7
Spellcasting   | 3 |  3.2
Dodging        | |  1.7
Stealth        | |  1.4
Conjurations   | |  0.8

Action                     || total
---------------------------++-------
  Melee: Unarmed           ||    16
         Headbutt          ||     1
   Cast: Foxfire           ||    28
         Scorch            ||    15
    Use: Scroll            ||     1
 Armour: Robe              ||    28
  Dodge: Dodged            ||    20

Table legend: (Time is in decaauts)
 A = Elapsed time spent in this place.
 B = Non-inter-level travel time spent in this place.
 C = Inter-level travel time spent in this place.
 D = Time resting spent in this place.
 E = Time spent auto-exploring this place.
 F = Levels seen in this place.
 G = Mean time per level.
                   A        B        C        D        E       F      G
               +--------+--------+--------+--------+--------+-----+--------+
         Total |   1724 |   1684 |     40 |      0 |   1527 |   2 |  862.0 |
       Dungeon |   1724 |   1684 |     40 |      0 |   1527 |   2 |  862.0 |
               +--------+--------+--------+--------+--------+-----+--------+

Top non-repeatable levels by time:
     D:1: 1099 daAuts
     D:2: 625 daAuts
